 Dungeon Crawl Stone Soup version 0.20-a0-854-g0cc194a (webtiles) character file.

8176 HAL9000 the Carver (level 11, 84/97 HPs)
             Began as a Minotaur Berserker on Mar 10, 2017.
             Was an Elder of Trog.
             Quit the game on level 1 of the Lair of Beasts on Mar 11, 2017.
             The game lasted 00:24:55 (11270 turns).

HAL9000 the Carver (Minotaur Berserker)            Turns: 11270, Time: 00:24:55

Health: 84/97      AC: 15    Str: 24    XL:     11   Next: 6%
Magic:  12/12      EV: 10    Int:  7    God:    Trog [****..]
Gold:   471        SH:  0    Dex: 11    Spells: 10/10 levels left

rFire    + . .     SeeInvis .   U - +2 scimitar
rCold    + . .     Gourm    .   Z - +0 plate armour
rNeg     . . .     Faith    .   (no shield)
rPois    .         Spirit   .   (helmet restricted)
rElec    .         Reflect  .   H - scarf {rC+ rF+}
rCorr    +         Harm     .   (no gloves)
MR       ++...                  D - +0 pair of boots
Stlth    ..........             b - amulet of rage
Regen    0.3/turn               p - ring of resist corrosion
MPRegen  0.2/turn               N - ring of the Mage {Wiz MR++ Int+3}

@: no status effects
A: retaliatory headbutt, horns 2
a: Berserk, Trog's Hand, Brothers in Arms, Burn Spellbooks, Renounce Religion,
Evoke Berserk Rage


You were on level 1 of the Lair of Beasts.
You worshipped Trog.
Trog was greatly pleased with you.
You were not hungry.

You visited 3 branches of the dungeon, and saw 12 of its levels.

You collected 516 gold pieces.
You spent 45 gold pieces at shops.

Inventory:

Hand Weapons
 U - a +2 scimitar (weapon)
Missiles
 f - 7 javelins
 C - 14 tomahawks (quivered)
 T - a throwing net
Armour
 D - a +0 pair of boots (worn)
 H - a scarf of resistance (worn)
 L - a +1 cloak of poison resistance
 Z - a +0 plate armour (worn)
Jewellery
 b - an amulet of rage (around neck)
 p - a ring of resist corrosion (right hand)
 y - an uncursed amulet of faith
 M - an uncursed ring of stealth
 N - the ring of the Mage (left hand) {Wiz MR++ Int+3}
   (You found it on level 10 of the Dungeon)

   [ring of wizardry]

   It improves your spell success rate.
   It affects your intelligence (+3).
   It affects your resistance to hostile enchantments.
Wands
 g - a wand of iceblast (11/15)
 o - a wand of flame (18/48)
 u - a wand of digging (17/24)
 A - a wand of random effects (29/48)
 F - a wand of digging (24/24)
 W - a wand of polymorph (19/24)
Scrolls
 e - 2 scrolls of fear {unknown}
 h - 2 scrolls of amnesia {unknown}
 j - 3 scrolls of magic mapping
 l - 3 scrolls of recharging
 m - 2 scrolls of random uselessness {unknown}
 n - 8 scrolls of teleportation
 q - a scroll of noise {unknown}
 s - 3 scrolls of enchant armour {unknown}
 v - 3 scrolls of identify
 w - a scroll of remove curse
 P - a scroll of immolation {unknown}
 Q - 2 scrolls of fog {unknown}
 Y - 2 scrolls of enchant weapon {unknown}
Potions
 i - a potion of lignification {unknown}
 k - a potion of degeneration {unknown}
 r - 4 potions of flight
 t - 2 potions of agility
 x - a potion of ambrosia
 B - 3 potions of haste
 E - 4 potions of curing
 K - a potion of resistance {unknown}
 S - a potion of heal wounds {unknown}
 V - a potion of might
 X - a potion of brilliance {unknown}
Books
 G - a book of Flames

   Spells                             Type                      Level
   a - Flame Tongue                   Conjuration/Fire             1
   b - Throw Flame                    Conjuration/Fire             2
   c - Conjure Flame                  Conjuration/Fire             3
   d - Inner Flame                    Hexes/Fire                   3
   e - Sticky Flame                   Conjuration/Fire             4
   f - Fireball                       Conjuration/Fire             5
   Trog disapproves of the use of such an item.
 I - a book of the Earth

   Spells                             Type                      Level
   a - Leda's Liquefaction            Hexes/Earth                  4
   b - Bolt of Magma                  Conjuration/Fire/Earth       5
   c - Statue Form                    Transmutation/Earth          6
   d - Iron Shot                      Conjuration/Earth            6
   e - Shatter                        Earth                        9
   Trog disapproves of the use of such an item.
 O - a book of Minor Magic

   Spells                             Type                      Level
   a - Magic Dart                     Conjuration                  1
   b - Blink                          Translocation                2
   c - Call Imp                       Summoning                    2
   d - Slow                           Hexes                        2
   e - Conjure Flame                  Conjuration/Fire             3
   f - Mephitic Cloud                 Conjuration/Poison/Air       3
   Trog disapproves of the use of such an item.
Miscellaneous
 R - a lightning rod (4/4)
Comestibles
 c - 9 bread rations
 d - 5 meat rations
 z - 13 fruits
 J - 3 royal jellies


   Skills:
 + Level 9.3 Fighting
 - Level 14.1 Long Blades
 + Level 9.1 Armour
 - Level 7.0 Dodging
 + Level 2.8 Evocations


You had 10 spell levels left.
You didn't know any spells.

Dungeon Overview and Level Annotations

Branches:
Dungeon (10/15)            Temple (1/1) D:7            Lair (1/6) D:8
    Orc: D:9-12

Altars:
Dithmenos
Elyvilon
Fedhas
Hepliaklqana
Nemelex Xobeh
Qazlal
Ru
Yredelemnul

Shops:
D:4 [   D:9 (


Innate Abilities, Weirdness & Mutations

You reflexively headbutt those who attack you in melee.
You have a pair of horns on your head.


Message History

The porcupine closely misses you. You furiously retaliate!
You headbutt the porcupine.
You riposte.
You slash the porcupine!
You kill the porcupine!
Trog accepts your kill.
Put on which piece of jewellery? (? for menu, Esc to quit)
Really remove
y - an amulet of faith?
You remove your amulet of faith.
Trog seems less interested in you.
You feel less pious.
b - an amulet of rage (around neck) Drop what? 51/52 slots (_ for help) (? for menu, Esc to quit)
Okay, then.
Put on which piece of jewellery? (? for menu, Esc to quit)
You're wearing all the rings you can.
Remove which one? (? for menu, Esc to cancel) < or
M - a ring of stealth; > or
p - a ring of resist corrosion You remove your ring of stealth.
N - the ring of the Mage (left hand) {Wiz MR++ Int+3} Are you sure you want to abandon this character and quit the game? (Confirm with "yes".)
Okay, then.
Are you sure you want to abandon this character and quit the game? (Confirm with "yes".)

#..........##≈≈≈≈≈≈≈≈≈
#..........+..≈≈≈..≈≈≈
#....(.....#.≈≈≈≈≈<.≈≈
#...........#≈≈≈≈...≈≈
#..........##.≈≈≈≈≈≈≈≈
#..........P#..≈≈≈≈≈≈≈
##...............≈≈≈≈≈≈
#.#.##'#######.....≈.≈.
######@# ########..
#...# .# .P.#... #....
.... $..... ...
##...... .% .......% P
#.....%P%


There were no monsters in sight!

Vanquished Creatures
  2 two-headed ogres
  Pikel (D:7)
  The ghost of Soeti the Geomancer, a novice GrEE of Vehumet (D:8)
  The ghost of nikopol the Thaumaturge, a novice DEFE of Vehumet (D:7)
  A gargoyle (D:10)
  Grinder (D:3)
  A shadow (D:7)
  Edmund (D:5)
  A water moccasin (D:5)
  A black bear (D:9)
  2 porcupines (Lair:1)
  An ice beast (D:9)
  A sky beast (D:8)
  2 orc warriors (D:7)
  2 phantoms
  4 slaves (D:7)
  3 ogres
  A necrophage (D:8)
  A centaur (D:7)
  3 big kobolds
  A crocodile (Lair:1)
  Blork the orc (D:5)
  2 bullfrogs
  A wyvern skeleton (D:8)
  5 scorpions
  18 wights (D:7)
  4 howler monkeys
  3 crimson imps
  A gnoll shaman (D:8)
  A centaur zombie (D:9)
  7 orc priests
  5 hounds
  3 jellies
  12 orc wizards
  A bullfrog skeleton (D:9)
  A centaur skeleton (D:9)
  Crazy Yiuf (D:5)
  Jessica (D:3)
  Natasha (thrice) (D:2)
  4 iguanas
  8 worker ants
  A killer bee zombie (D:6)
  A hound zombie (D:5)
  2 hound skeletons
  A mummy (D:8)
  A howler monkey zombie (D:5)
  2 worker ant zombies
  7 gnolls
  11 adders
  An ooze (D:7)
  An adder skeleton (D:6)
  An adder zombie (D:7)
  3 worms
  4 leopard geckos
  36 orcs
  2 ball pythons
  A bat (D:3)
  5 giant cockroaches
  5 goblins
  6 hobgoblins
  3 jackals (D:7)
  4 quokkas
  2 frilled lizards (D:2)
  A goblin zombie (D:8)
  19 kobolds
  A leopard gecko skeleton (D:6)
  A leopard gecko zombie (D:7)
  An orc zombie (D:8)
  8 rats
245 creatures vanquished.

Vanquished Creatures (others)
  A quokka (D:2)
1 creature vanquished.

Grand Total: 246 creatures vanquished

Notes
Turn   | Place    | Note
-------+----------+-------------------------------------------
     0 | D:1      | HAL9000 the Minotaur Berserker began the quest for the Orb.
     0 | D:1      | Reached XP level 1. HP: 19/19 MP: 0/0
   196 | D:1      | Found a sparkling altar of Nemelex Xobeh.
   539 | D:1      | Reached skill level 4 in Long Blades
   601 | D:2      | Found a white marble altar of Elyvilon.
   602 | D:2      | Reached XP level 2. HP: 26/26 MP: 1/1
   745 | D:2      | Reached skill level 5 in Long Blades
  1019 | D:2      | Reached XP level 3. HP: 31/31 MP: 2/2
  1465 | D:2      | Found a white marble altar of Elyvilon.
  1682 | D:2      | Noticed Natasha
  1688 | D:2      | Killed Natasha
  1688 | D:2      | Reached skill level 6 in Long Blades
  1688 | D:2      | Reached XP level 4. HP: 39/39 MP: 3/3
  1799 | D:2      | Noticed Natasha
  1804 | D:2      | Killed Natasha
  1909 | D:2      | Found a faded altar of an unknown god.
  2062 | D:2      | Noticed Natasha
  2071 | D:2      | Killed Natasha
  2279 | D:3      | Reached XP level 5. HP: 37/45 MP: 4/4
  2317 | D:3      | Reached skill level 7 in Long Blades
  2555 | D:3      | Reached ** piety under Trog
  2955 | D:3      | Noticed Jessica
  2959 | D:3      | Killed Jessica
  3063 | D:3      | Noticed Grinder
  3068 | D:3      | Killed Grinder
  3068 | D:3      | Reached skill level 9 in Long Blades
  3068 | D:3      | Reached XP level 6. HP: 51/51 MP: 5/5
  3142 | D:3      | Found a basalt altar of Yredelemnul.
  3836 | D:4      | Found Cemneun's Armour Boutique.
  3842 | D:4      | Bought a +0 pair of boots for 45 gold pieces
  3961 | D:4      | Reached XP level 7. HP: 57/57 MP: 6/6
  3997 | D:4      | Reached skill level 10 in Long Blades
  4213 | D:4      | Reached *** piety under Trog
  4647 | D:5      | Entered Level 5 of the Dungeon
  4666 | D:5      | Noticed Blork the orc
  4680 | D:5      | Killed Blork the orc
  4680 | D:5      | Reached skill level 11 in Long Blades
  5042 | D:5      | Reached XP level 8. HP: 64/64 MP: 7/7
  5251 | D:5      | Found a stormy altar of Qazlal.
  5486 | D:5      | Noticed Edmund
  5497 | D:5      | Killed Edmund
  5497 | D:5      | Reached skill level 12 in Long Blades
  5527 | D:5      | Noticed a two-headed ogre
  5537 | D:5      | Killed a two-headed ogre
  5537 | D:5      | Reached skill level 13 in Long Blades
  6055 | D:5      | Found a runed door.
  6059 | D:5      | Noticed Crazy Yiuf
  6065 | D:5      | Killed Crazy Yiuf
  6446 | D:5      | Reached XP level 9. HP: 70/70 MP: 8/8
  6725 | D:5      | Reached skill level 14 in Long Blades
  7040 | D:6      | Reached **** piety under Trog
  7140 | D:6      | Found a shadowy altar of Dithmenos.
  7544 | D:6      | Found a blossoming altar of Fedhas.
  7904 | D:7      | Reached ***** piety under Trog
  7904 | D:7      | Reached skill level 5 in Fighting
  8033 | D:7      | Reached skill level 5 in Armour
  8048 | D:7      | Noticed nikopol's ghost (novice DEFE)
  8057 | D:7      | Killed nikopol's ghost
  8057 | D:7      | Reached skill level 5 in Dodging
  8135 | D:7      | Found a staircase to the Ecumenical Temple.
  8156 | Temple   | Entered the Ecumenical Temple
  8239 | D:7      | Reached XP level 10. HP: 10/84 MP: 9/9
  8930 | D:7      | Noticed Pikel
  8935 | D:7      | Killed Pikel
  9494 | D:8      | Found a sacrificial altar of Ru.
  9556 | D:8      | Found a sand-covered staircase.
  9640 | D:8      | Found a staircase to the Lair.
  9862 | D:8      | Noticed Soeti's ghost (novice GrEE)
  9871 | D:8      | Killed Soeti's ghost
 10384 | D:9      | Noticed a two-headed ogre
 10399 | D:9      | Killed a two-headed ogre
 10590 | D:9      | Received a gift from Trog
 10600 | D:9      | Reached ****** piety under Trog
 10686 | D:9      | Found Megonkuodd's Weapon Boutique.
 11045 | D:10     | Entered Level 10 of the Dungeon
 11073 | D:10     | Noticed a gargoyle
 11079 | D:10     | Killed a gargoyle
 11079 | D:10     | Reached XP level 11. HP: 97/97 MP: 10/12
 11162 | D:8      | Upgraded the game from 0.20-a0-850-ge5a7832 to 0.20-a0-854-g0cc194a
 11165 | Lair:1   | Entered Level 1 of the Lair of Beasts
 11270 | Lair:1   | Quit the game

Vault maps used:
D:1:      matt_arrival_spirals, hangedman_decor_clover_reticule,
          minmay_misc_feat_pillars, minmay_hedge_maze, nemelex_altar_shiori
D:2:      nicolae_overflow_crystal_walls, first_bread,
          chequers_ecumenical_altar_simple_redux, elyvilon_altar_4, uniq_natasha
D:3:      old_standard_altar, uniq_grinder, uniq_jessica
D:4:      serial_shops, shop_fountains, bh_walls_and_bars
D:5:      grunt_qazlal_sundering, uniq_blork_the_orc, uniq_crazy_yiuf_cottage,
          uniq_edmund
D:6:      kennysheep_little_box, fedhas_altar_fruit_tree, grunt_ministairs_11,
          kennysheep_generic_room_12
D:7:      kennysheep_big_flooded_room, minmay_temple_entry_grid,
          grunt_ogre_cave, uniq_pikel
D:8:      nicolae_ru_the_path_less_chosen, lair_entry_dummy,
          nicolae_ossuary_entry_giza
D:9:      serial_shops, nicolae_shop_trees
D:10:     basic_altar, minmay_misc_feat_doors
Temple:   nicolae_temple_elliptical
Lair:1:   grunt_megastairs_5, infiniplex_staircase_pool_2, lemuel_fruit_tree

Skill      XL: |  1  2  3  4  5  6  7  8  9 10 |
---------------+-------------------------------+-----
Long Blades    | 4 5 6 9 11 13 14 | 14.1
Fighting       | 6 9 |  9.3
Armour         | 5 9 |  9.1
Dodging        | 5 7 |  7.0
Evocations     | 2 |  2.8

Action                   |  1- 3 |  4- 6 |  7- 9 | 10-12 || total
-------------------------+-------+-------+-------+-------++-------
Melee: Falchion          |    34 |    95 |   238 |       ||   367
       Headbutt          |     7 |    15 |    70 |    47 ||   139
       Scimitar          |       |       |    44 |   182 ||   226
       Long sword        |       |       |    14 |       ||    14
Throw: Tomahawk          |       |       |     5 |       ||     5
Invok: Berserk           |       |     2 |     9 |     7 ||    18
  Use: Scroll            |     1 |     1 |     3 |     6 ||    11
       Potion            |       |     1 |       |       ||     1
 Stab: Distracted        |     1 |       |       |       ||     1
  Eat: Chunk             |     2 |     8 |    21 |    12 ||    43
       Royal jelly       |       |       |     1 |       ||     1
       Fruit             |       |       |       |     5 ||     5
Armor: Animal skin       |     5 |       |       |       ||     5
       Scale mail        |     2 |    29 |    67 |       ||    98
       Plate armour      |       |       |       |    71 ||    71
Dodge: Dodged            |    26 |    30 |   114 |    54 ||   224
       Rpst.: Falchion   |    10 |    10 |    33 |       ||    53
       Scimitar          |       |       |     4 |    11 ||    15
